Map: Línea Aguablanca EE

Players

bañatePcausa

  • Race: Terran Terran
  • League: Silver
  • Spawn Location: 7:00

efrain

  • Race: Zerg Zerg
  • Spawn Location: 6:00

alejandro

  • Race: Zerg Zerg
  • League: Silver
  • Spawn Location: 7:00

TATORREA - Winner!

  • Race: Protoss Protoss
  • League: Gold
  • Spawn Location: 1:00

tigro - Winner!

  • Race: Terran Terran
  • League: Bronze
  • Spawn Location: 1:00

MrFercho - Winner!

  • Race: Zerg Zerg
  • League: Silver
  • Spawn Location: 12:00

VOD

Have the link to the VOD?

Description

Time

  • Played on: June 30, 2020, 8:41 p.m.
  • Length: 17:42
Show
View Real Time Build Order
Export as new Build Order

bañatePcausa Terran 

Build Orders:  

Get SALT Encoding   

  12  0:01  SCV  
  13  0:15  Supply Depot  
  13  0:18  SCV  
  14  0:31  SCV  
  15  0:40  Barracks  
  15  0:42  Refinery  
  15  0:48  SCV  
  16  1:07  Barracks  
  16  1:26  SCV, Refinery  
  16  1:31  Supply Depot  
  17  1:34  Barracks Reactor  
  17  2:01  Barracks Reactor  
  17  2:14  Marine x2  
  19  2:23  Barracks  
  19  2:32  Marine x2  
  21  2:37  Factory  
  21  2:47  SCV  
  21  2:49  Marine  
  21  2:50  Marine  
  24  2:54  Marine x2  
  26  3:07  Marine x2  
  26  3:10  SCV  
  26  3:12  Marine  
  30  3:27  Orbital Command  
  30  3:33  Barracks Reactor  
  30  3:35  Factory Tech Lab  
  30  3:41  Supply Depot  
  30  4:03  Siege Tank  
  30  4:04  Supply Depot  
  34  4:17  SCV  
  34  4:33  Marine x6  
  40  4:50  Marine  
  40  4:51  Marine  
  42  4:54  SCV  
  43  5:00  Supply Depot  
  43  5:13  Siege Tank  
  46  5:23  Supply Depot  
  46  5:42  Marine x3  
  47  5:43  Marine x3  
  47  5:47  Supply Depot  
  52  6:00  Marine x2  
  54  6:44  Command Center  
  54  6:45  Starport  
  54  6:46  SCV  
  55  6:53  Supply Depot  
  55  6:59  SCV  
  56  7:16  Supply Depot  
  56  7:42  Starport Tech Lab  
  56  7:47  Marine x5  
  56  7:48  Marine  
  62  8:05  Marine x6  
  68  8:17  Fusion Core, SCV  
  69  8:22  Marine x2  
  69  8:23  Marine x4  
  75  8:29  SCV  
  75  8:33  Siege Tank  
  79  9:11  Siege Tank  
  79  9:15  Battlecruiser  
  88  9:43  Siege Tank  
  56  11:00  Marine x2  
  56  11:01  Marine x4  
  62  11:04  Battlecruiser  
  62  11:09  Siege Tank  
  71  11:16  SCV  
  71  11:18  Marine x4  
  76  11:28  SCV  
  77  12:08  Battlecruiser  
  57  13:13  Battlecruiser  
  51  13:32  Marine x5  
  51  13:33  Marine  
  45  13:44  Siege Tank  
  48  13:50  Marine x6  
  48  13:55  SCV  
  55  14:07  Marine, SCV  
  55  14:08  Marine x5  
  62  14:17  Battlecruiser, Siege Tank  
  65  14:19  SCV  
  72  14:25  Marine  
  55  14:31  SCV  
  56  14:41  Marine x3  
  56  14:42  Marine x2  
  56  14:43  Marine  
  60  14:59  Marine x4  
  59  15:00  Marine  
  61  15:16  Marine  
  61  15:17  Marine  
  63  15:21  Battlecruiser  
  62  16:01  Marine x3  
  62  16:02  Marine x3  
  68  16:19  Marine x4  
  68  16:20  Marine x2  
  74  16:37  Marine x2  
Show
View Real Time Build Order
Export as new Build Order

efrain Zerg 

Build Orders: Hatch First 

Get SALT Encoding   

  12  0:08  Overlord  
  12  0:13  Drone  
  13  0:18  Drone  
  14  0:27  Drone  
  15  0:49  Hatchery  
  14  0:51  Drone  
  14  0:55  Drone  
  16  1:11  Extractor  
  15  1:13  Spawning Pool  
  15  1:15  Drone  
  15  1:20  Drone  
  15  1:23  Drone  
  17  1:36  Drone  
  18  2:07  Hatchery  
  18  2:08  Zergling x6  
  18  2:15  Drone x2  
  22  2:26  Overlord  
  22  2:30  Lair  
  22  2:38  Drone x2  
  24  2:48  Drone x2  
  26  2:57  Extractor  
  25  2:59  Roach Warren  
  25  3:02  Drone x2  
  26  3:07  Drone  
  26  3:08  Drone  
  28  3:21  Drone x3  
  28  3:25  Zergling x2  
  32  3:29  Metabolic Boost  
  32  3:32  Drone  
  33  3:46  Roach  
  33  3:47  Roach x3  
  41  3:54  Hydralisk Den  
  40  3:57  Drone  
  40  4:00  Drone  
  40  4:02  Overlord x2  
  42  4:07  Overlord  
  42  4:12  Overlord  
  42  4:26  Extractor, Drone x2  
  43  4:35  Roach x3  
  43  4:36  Roach x2  
  53  4:39  Roach  
  53  4:44  Drone x2  
  57  4:57  Glial Reconstitution  
  57  5:00  Muscular Augments  
  57  5:02  Drone x4  
  61  5:08  Drone x2  
  63  5:19  Drone  
  64  5:24  Extractor  
  63  5:36  Hydralisk x5  
  73  5:48  Overlord  
  73  6:03  Drone  
  74  6:06  Zergling x2, Overlord  
  74  6:07  Overlord  
  75  6:12  Grooved Spines  
  75  6:16  Tunneling Claws  
  76  6:18  Drone x2  
  76  6:19  Drone  
  76  6:24  Drone x2  
  76  6:25  Drone x2  
  82  6:28  Queen  
  82  6:29  Queen  
  82  6:31  Queen  
  88  6:35  Drone  
  89  6:43  Spore Crawler  
  89  6:46  Spore Crawler  
  87  6:48  Spore Crawler  
  87  6:49  Spore Crawler  
  87  6:53  Hydralisk x3  
  89  6:56  Hydralisk  
  89  6:59  Zergling x2  
  89  7:01  Zergling x2  
  95  7:07  Spore Crawler  
  94  7:16  Spore Crawler  
  94  7:18  Drone x2  
  94  7:19  Drone  
  96  7:32  Overseer  
  96  7:41  Spore Crawler  
  96  7:43  Spore Crawler  
  94  7:49  Spore Crawler  
  93  8:02  Hydralisk x2  
  93  8:04  Overlord x2  
  93  8:05  Overlord x2  
  97  8:22  Hydralisk x3  
  103  8:55  Roach x3  
  109  9:01  Hydralisk  
  109  9:02  Hydralisk x2  
  115  9:10  Hydralisk x3  
  115  9:14  Overlord x5  
  115  9:15  Overlord  
  121  9:26  Pneumatized Carapace  
  121  9:34  Overlord x6  
  121  9:35  Overlord x2  
  99  10:26  Hydralisk x2  
  99  10:27  Hydralisk x4  
  109  10:33  Hydralisk x3  
  103  11:04  Hydralisk x6  
  103  11:10  Roach x3  
  69  13:03  Hydralisk x4  
  69  13:04  Hydralisk x4  
  85  13:08  Drone  
  85  13:09  Drone x3  
  77  13:37  Hydralisk  
  77  13:38  Hydralisk x2  
  81  13:46  Hydralisk x6  
  93  13:55  Hatchery  
  92  14:06  Hatchery  
  89  14:24  Roach  
  89  14:25  Roach x5  
  101  14:45  Hydralisk x4  
  93  15:29  Hydralisk x4  
  89  15:35  Hydralisk x2  
  89  15:36  Hydralisk x2  
  91  16:03  Hydralisk x2  
  91  16:04  Hydralisk x3  
  101  16:18  Roach  
  101  16:19  Roach x2  
  107  16:26  Hydralisk x3  
  52  17:12  Hydralisk x3  
  52  17:13  Hydralisk x3  
Show
View Real Time Build Order
Export as new Build Order

alejandro Zerg 

Build Orders: Pool First 

Get SALT Encoding   

  12  0:04  Drone  
  14  0:21  Drone  
  14  0:23  Overlord  
  14  0:42  Drone  
  15  0:43  Drone  
  15  0:46  Drone  
  17  0:52  Spawning Pool  
  17  0:55  Drone  
  17  1:18  Drone  
  18  1:19  Drone  
  18  1:24  Hatchery  
  18  1:25  Extractor  
  17  1:31  Drone  
  18  1:39  Zergling x2  
  19  1:48  Zergling x2  
  20  2:06  Zergling x2  
  21  2:12  Zergling x2  
  22  2:33  Overlord x2  
  22  2:36  Queen  
  24  2:39  Queen  
  26  2:44  Drone  
  26  2:45  Drone  
  28  2:51  Drone  
  29  3:06  Drone x3  
  32  3:12  Roach Warren  
  32  3:19  Drone x2  
  33  3:23  Drone  
  34  3:35  Drone x2  
  34  3:36  Drone  
  37  3:44  Extractor  
  37  3:45  Lair  
  36  3:50  Drone  
  36  3:51  Drone x7  
  44  3:57  Extractor  
  44  3:59  Extractor  
  42  4:14  Drone  
  42  4:15  Drone  
  44  4:35  Baneling Nest  
  43  4:40  Zergling x2  
  43  4:44  Overlord x6  
  44  4:51  Metabolic Boost  
  44  5:02  Zergling x2  
  44  5:03  Zergling x16  
  53  5:07  Glial Reconstitution  
  53  5:18  Roach x4  
  61  5:36  Zergling x2  
  61  5:37  Zergling x10  
  61  5:42  Centrifical Hooks  
  67  5:46  Drone x4  
  71  5:54  Hatchery  
  70  6:05  Roach  
  70  6:06  Roach  
  74  6:11  Roach  
  74  6:12  Roach x5  
  87  6:34  Hatchery  
  86  6:44  Hydralisk Den  
  86  6:45  Zergling x14  
  92  6:52  Baneling  
  92  6:53  Baneling x5  
  92  6:58  Baneling x2  
  92  7:17  Hydralisk Den  
  91  7:31  Overlord x6  
  70  8:12  Hydralisk x3  
  50  8:13  Hydralisk x4  
  54  8:30  Muscular Augments  
  54  8:33  Hydralisk x4  
  62  8:45  Hydralisk  
  64  8:49  Hydralisk x4  
  72  9:01  Hydralisk x7  
  86  9:06  Grooved Spines  
  86  9:12  Zergling x2, Evolution Chamber  
  86  9:13  Zergling x4  
  88  9:24  Hydralisk x2  
  88  9:25  Hydralisk  
  94  9:47  Baneling x6  
  66  10:38  Roach x2  
  66  10:39  Roach x7  
  61  10:52  Roach x2  
  65  11:12  Roach x4  
  65  11:17  Hatchery  
  72  11:29  Zerg Ground Armor Level 1  
  58  11:41  Hydralisk  
  58  11:42  Hydralisk x3  
  66  11:55  Roach x7  
  66  11:56  Roach  
  82  12:08  Roach x2  
  80  12:25  Hydralisk  
  80  12:26  Hydralisk x5  
  84  12:56  Hydralisk x4  
  84  12:57  Hydralisk x2  
  88  13:11  Hydralisk x2  
  74  13:23  Zerg Missile Weapons Level 1  
  74  13:25  Hydralisk x2  
  70  13:45  Hydralisk  
  70  13:46  Hydralisk x3  
  72  14:03  Roach  
  72  14:04  Roach x2  
  66  14:15  Hydralisk x2  
  68  14:19  Hydralisk  
  70  14:32  Hydralisk  
  70  14:33  Hydralisk  
  68  14:51  Roach  
  68  14:52  Roach x2  
  58  15:20  Hydralisk  
  60  15:21  Hydralisk x3  
  66  15:39  Zergling x2  
  66  15:40  Zergling x8  
  71  16:00  Hydralisk x3  
  75  16:20  Drone  
  75  16:21  Drone x3  
  70  16:34  Zergling x2  
  70  16:35  Zergling x2  
  44  16:56  Zergling x2  
  44  16:57  Zergling x16  
  53  17:07  Baneling  
  53  17:08  Baneling  
  53  17:11  Roach  
  53  17:12  Roach x2  
Show
View Real Time Build Order
Export as new Build Order

TATORREA Protoss - Winner!

Build Orders:  

Get SALT Encoding   

  12  0:01  Probe  
  13  0:13  Probe  
  14  0:25  Probe  
  14  0:26  Pylon  
  15  0:44  Probe  
  15  0:46  Gateway  
  16  1:04  Probe  
  16  1:11  Assimilator  
  17  1:12  Probe  
  17  1:16  Pylon  
  18  1:20  Probe  
  19  1:28  Probe  
  19  1:37  Probe  
  19  1:38  Cybernetics Core  
  20  1:42  Gateway  
  21  1:48  Probe  
  22  1:56  Assimilator  
  22  2:20  Probe  
  23  2:28  Robotics Facility  
  23  2:32  Probe  
  23  2:33  Nexus  
  23  2:34  Assimilator  
  24  2:44  Probe  
  25  2:54  Warp Gate  
  25  2:56  Probe  
  25  2:57  Stalker  
  28  3:12  Probe  
  29  3:24  Probe  
  30  3:44  Pylon  
  30  3:45  Immortal  
  30  3:47  Pylon  
  35  3:48  Probe x2  
  35  3:50  Pylon x2  
  36  3:58  Stalker  
  36  4:00  Sentry  
  40  4:07  Probe x2  
  42  4:20  Probe x2  
  44  4:24  Observer  
  44  4:26  Assimilator  
  44  4:29  Assimilator  
  45  4:32  Probe x2  
  47  4:47  Robotics Bay  
  47  4:49  Forge  
  47  4:52  Gateway  
  47  4:54  Gateway, Probe x2  
  49  5:06  Probe x2  
  51  5:08  Sentry x2  
  55  5:17  Immortal, Protoss Ground Weapons Level 1  
  59  5:22  Probe x2  
  61  5:34  Probe  
  61  5:35  Probe  
  63  5:42  Extended Thermal Lance  
  63  5:46  Probe  
  63  5:47  Stalker x2, Probe  
  69  5:59  Probe x2  
  71  6:09  Nexus  
  71  6:14  Pylon  
  71  6:16  Probe  
  71  6:17  Pylon, Probe  
  73  6:38  Gateway  
  73  6:41  Gateway x2  
  73  6:42  Probe x2  
  73  6:47  Gateway  
  75  6:54  Stalker x2, Probe  
  75  6:55  Probe  
  75  6:58  Stalker  
  75  7:00  Stalker  
  85  7:07  Probe x2  
  87  7:12  Immortal  
  91  7:19  Probe  
  92  7:30  Probe  
  92  7:31  Probe  
  92  7:32  Probe  
  95  7:37  Assimilator  
  95  7:38  Stalker x3  
  95  7:39  Stalker  
  95  7:40  Assimilator  
  95  7:43  Probe x2  
  95  7:44  Probe  
  106  7:54  Pylon  
  106  7:58  Pylon  
  106  8:01  Pylon  
  91  8:06  Pylon, Colossus  
  97  8:29  Probe  
  97  8:30  Probe  
  97  8:33  Nexus  
  99  8:35  Pylon  
  99  8:37  Probe  
  99  8:38  Probe  
  101  9:13  Probe x2  
  101  9:16  Stalker x3  
  109  9:17  Stalker x3  
  109  9:18  Stalker x2  
  119  9:25  Probe x2  
  121  9:37  Probe x2  
  70  10:00  Stalker x5  
  70  10:01  Stalker x3  
  70  10:04  Colossus  
  81  10:07  Probe x3  
  83  10:29  Probe x3  
  83  10:31  Stalker x2  
  83  10:32  Stalker x5  
  83  10:33  Stalker  
  102  10:51  Nexus  
  102  10:53  Probe x3  
  102  10:54  Pylon  
  102  10:55  Pylon  
  105  11:07  Pylon  
  105  11:08  Pylon  
  105  11:09  Pylon  
  105  11:11  Pylon  
  105  11:12  Protoss Ground Armor Level 1  
  105  11:17  Pylon, Probe x3  
  108  11:18  Pylon  
  108  11:29  Probe x3  
  108  11:30  Forge  
  111  11:32  Forge  
  111  11:34  Twilight Council  
  111  11:37  Colossus  
  117  11:47  Probe x3  
  120  11:55  Assimilator  
  120  11:59  Probe x2  
  120  12:00  Assimilator  
  122  12:13  Nexus  
  122  12:14  Pylon  
  122  12:16  Stalker x4  
  122  12:17  Stalker, Pylon, Protoss Ground Weapons Level 2  
  122  12:18  Protoss Shields Level 1  
  128  12:26  Stalker  
  128  12:27  Stalker x2  
  108  12:36  Colossus  
  90  12:45  Stalker x4  
  90  12:47  Stalker  
  100  12:58  Stalker x3  
  96  13:09  Stalker x2  
  96  13:10  Stalker x2  
  96  13:12  Stalker  
  94  13:20  Colossus  
  94  13:24  Stalker x3  
  102  13:42  Protoss Ground Armor Level 2  
  102  13:47  Stalker x4  
  102  13:48  Stalker x3, Blink  
  112  13:49  Stalker  
  116  14:13  Colossus  
  122  14:24  Gateway  
  122  14:26  Gateway x2  
  122  14:29  Gateway  
  122  14:30  Gateway  
  122  14:32  Gateway  
  122  14:33  Gateway  
  122  14:36  Gateway, Stalker  
  122  14:37  Stalker x4, Gateway  
  132  14:39  Pylon  
  132  14:42  Pylon x2  
  132  14:45  Pylon  
  110  15:06  Protoss Shields Level 2  
  110  15:07  Stalker x4  
  110  15:08  Stalker x4  
  110  15:12  Colossus  
  132  15:28  Stalker x2  
  134  15:29  Stalker x3  
  134  15:30  Stalker  
  144  15:41  Stalker x2  
  144  15:42  Stalker x2  
  152  15:59  Stalker  
  152  16:00  Stalker x4  
  152  16:01  Stalker  
  164  16:06  Colossus  
  170  16:18  Stalker  
  170  16:19  Stalker x2  
  176  16:29  Assimilator  
  176  16:32  Assimilator  
  170  16:52  Stalker x5  
  170  16:53  Stalker x2  
  174  16:54  Stalker x3  
  174  16:55  Stalker x3  
  170  17:37  Templar Archives  
Show
View Real Time Build Order
Export as new Build Order

tigro Terran - Winner!

Build Orders:  

Get SALT Encoding   

  12  0:02  SCV  
  13  0:14  SCV  
  14  0:26  SCV  
  15  0:33  Supply Depot  
  15  0:35  Refinery  
  15  0:54  SCV  
  16  1:06  SCV  
  16  1:07  Barracks  
  16  1:10  Refinery  
  17  1:18  SCV  
  18  1:30  SCV  
  19  1:35  Supply Depot  
  19  1:43  SCV  
  20  1:55  SCV  
  20  1:56  Marine  
  22  2:07  Barracks, SCV  
  23  2:14  Marine  
  24  2:19  SCV  
  24  2:20  Engineering Bay  
  25  2:31  Marine  
  26  2:49  Marine  
  27  2:56  Factory  
  27  2:57  Barracks Reactor  
  27  3:07  Marine, Orbital Command  
  28  3:44  Factory Tech Lab  
  28  3:47  Barracks Tech Lab  
  28  3:50  Command Center  
  28  3:57  Terran Infantry Weapons Level 1  
  28  4:03  Siege Tank  
  31  4:14  Combat Shield  
  34  4:52  Marine  
  31  4:53  Marine x2  
  34  5:04  Refinery  
  34  5:10  Marine x3  
  37  5:16  SCV  
  38  5:28  Marine x3, SCV  
  38  5:31  Starport  
  38  5:33  Stimpack  
  42  5:40  SCV  
  43  5:46  Marine x3  
  43  5:48  Refinery  
  46  5:51  Terran Infantry Armor Level 1  
  46  5:53  SCV  
  47  6:05  SCV  
  48  6:13  Starport  
  48  6:19  Medivac  
  50  6:37  Armory  
  50  6:53  Fusion Core  
  50  6:56  Starport Tech Lab x2  
  50  7:03  Marine x3  
  53  7:13  SCV  
  54  7:20  Marine  
  54  7:21  Marine x2  
  57  7:25  SCV  
  59  7:37  SCV  
  59  7:38  Marine, Terran Vehicle Weapons Level 1  
  59  7:39  Marine x2  
  62  7:45  Neosteel Armor  
  62  7:56  Supply Depot  
  62  8:17  Marine x3  
  62  8:18  SCV  
  62  8:19  Supply Depot  
  66  8:21  Medivac  
  68  8:30  SCV  
  69  8:35  Marine  
  69  8:40  Thor  
  76  8:42  SCV  
  76  8:44  Battlecruiser  
  83  8:54  SCV  
  84  9:06  SCV  
  85  9:18  Weapon Refit  
  85  9:20  Marine  
  85  9:23  Thor  
  92  9:25  Hi-Sec Auto Tracking  
  92  9:33  Terran Vehicle And Ship Armor Level 1  
  92  9:53  Marine  
  92  9:54  Marine  
  94  10:04  Marine  
  81  10:11  Marine x2  
  57  10:22  Terran Infantry Weapons Level 2, Marine  
  58  10:29  Marine x2  
  58  10:31  SCV  
  61  10:40  Marine  
  61  10:41  Medivac  
  61  10:42  Medivac  
  66  10:43  SCV  
  66  10:47  Marine x2  
  69  10:55  SCV  
  70  10:58  Marine  
  70  11:04  Command Center  
  71  11:05  Marine x2  
  73  11:12  Battlecruiser  
  73  11:16  Marine  
  80  11:22  Marine  
  80  11:23  Marine  
  82  11:27  Terran Ship Weapons Level 1  
  82  11:33  Marine  
  82  11:38  Thor  
  89  11:40  Marine x2  
  91  11:51  Marine  
  92  11:58  Marine x2  
  94  12:15  Marine  
  95  12:16  Marine x2  
  95  12:21  Thor  
  88  12:33  Marine  
  88  12:34  Marine x2  
  72  12:38  Terran Infantry Armor Level 2  
  68  12:51  Marine x2  
  61  12:52  Marine  
  57  13:00  Battlecruiser x2  
  66  13:08  Marine  
  66  13:09  Marine x2  
  66  13:26  Marine  
  67  13:27  Marine x2  
  68  13:44  Marine  
  68  13:45  Marine x2  
  71  14:02  Marine  
  72  14:03  Marine x2  
  72  14:04  Battlecruiser x2  
  84  14:20  Marine x2  
  84  14:21  Marine  
  81  14:37  Marine  
  64  14:38  Marine  
  64  14:39  Marine  
  66  14:55  Marine  
  66  14:56  Marine x2  
  69  15:08  Medivac x2, Planetary Fortress  
  69  15:13  Marine  
  74  15:14  Marine x2  
  74  15:18  Refinery  
  76  15:31  Marine  
  76  15:32  Marine x2  
  79  15:38  Battlecruiser  
  79  15:39  Battlecruiser  
  89  15:49  Marine  
  87  16:01  Marine x2  
  89  16:06  Marine  
  90  16:16  Refinery  
  90  16:17  SCV  
  91  16:19  Marine x2  
  93  16:34  Supply Depot  
  93  16:41  Marine  
  93  16:43  SCV  
  93  16:56  Supply Depot, Thor, Marine x2  
  101  17:04  Marine, SCV  
  109  17:18  Marine x2, SCV  
Show
View Real Time Build Order
Export as new Build Order

MrFercho Zerg - Winner!

Build Orders: Hatch First 

Get SALT Encoding   

  12  0:01  Drone  
  13  0:13  Overlord  
  13  0:18  Drone  
  14  0:31  Drone x2  
  16  0:52  Hatchery  
  16  0:54  Drone  
  16  1:07  Drone x2  
  18  1:16  Spawning Pool  
  17  1:20  Drone  
  17  1:22  Drone  
  19  1:30  Extractor  
  19  1:31  Drone  
  19  1:39  Overlord  
  19  1:55  Drone  
  20  2:07  Zergling x2  
  20  2:08  Zergling x2  
  22  2:11  Queen  
  22  2:12  Queen  
  22  2:13  Overlord  
  26  2:18  Zergling x2  
  26  2:22  Drone  
  28  2:26  Drone  
  29  2:30  Metabolic Boost  
  29  2:33  Drone  
  30  2:37  Drone  
  31  2:48  Drone  
  31  2:49  Roach Warren  
  31  2:56  Drone x2  
  33  3:09  Spine Crawler, Drone x3  
  35  3:17  Drone  
  36  3:25  Lair  
  36  3:28  Drone  
  36  3:29  Drone x3  
  36  3:33  Overlord  
  40  3:42  Drone  
  40  3:43  Drone x3  
  44  3:49  Extractor  
  44  3:52  Extractor  
  42  4:08  Roach x4  
  42  4:09  Roach  
  52  4:10  Overlord  
  52  4:11  Overlord  
  52  4:31  Drone x6  
  58  4:34  Glial Reconstitution  
  58  4:38  Extractor  
  58  4:40  Drone  
  58  4:42  Drone x3  
  61  4:59  Drone  
  63  5:00  Drone x3  
  65  5:23  Spine Crawler  
  65  5:28  Spine Crawler  
  63  5:29  Spore Crawler  
  63  5:32  Hydralisk Den  
  61  5:38  Evolution Chamber  
  61  5:40  Drone x2  
  61  5:41  Hatchery, Drone x4  
  65  6:00  Zergling x6  
  65  6:02  Overlord x4  
  68  6:19  Hatchery  
  68  6:20  Hydralisk  
  68  6:21  Hydralisk x6  
  81  6:27  Overseer  
  81  6:28  Overseer  
  81  6:49  Queen  
  81  6:52  Drone  
  81  6:53  Drone x7  
  91  7:32  Hatchery  
  91  7:33  Muscular Augments  
  90  7:43  Infestation Pit  
  89  7:46  Zerg Missile Weapons Level 1  
  89  7:49  Lurker Den  
  88  7:52  Evolution Chamber  
  87  8:00  Hydralisk  
  87  8:01  Hydralisk x11  
  109  8:15  Spine Crawler  
  109  8:17  Spine Crawler  
  107  8:20  Spine Crawler  
  107  8:23  Spore Crawler  
  105  8:31  Zergling x14  
  112  8:35  Overlord x5  
  112  8:36  Overlord x3  
  112  8:43  Extractor  
  112  8:44  Extractor, Grooved Spines  
  110  9:03  Hydralisk  
  110  9:04  Hydralisk x8  
  128  9:17  Hatchery  
  127  9:54  Hydralisk x6  
  127  9:55  Hydralisk x9  
  127  9:56  Hydralisk  
  159  10:01  Drone x3  
  139  10:28  Hive  
  125  10:36  Drone  
  125  10:37  Drone x2  
  125  10:38  Drone  
  125  10:39  Drone x2  
  117  10:43  Drone x11  
  102  10:59  Spire  
  101  11:09  Zerg Missile Weapons Level 2  
  101  11:10  Zerg Ground Armor Level 1  
  91  11:35  Hydralisk  
  91  11:36  Hydralisk x16  
  103  11:46  Spine Crawler  
  102  11:49  Spine Crawler  
  102  11:51  Spine Crawler  
  100  11:54  Spore Crawler  
  100  11:56  Spore Crawler  
  72  12:22  Mutalisk x5  
  58  12:23  Mutalisk  
  58  12:26  Zergling x8  
  58  12:27  Zergling x18  
  83  12:34  Zerg Flyer Weapons Level 1  
  81  12:56  Hydralisk x10  
  67  13:10  Corruptor x2, Spore Crawler  
  67  13:13  Spore Crawler  
  60  13:48  Zerg Ground Armor Level 2  
  60  13:49  Zerg Missile Weapons Level 3  
  60  13:51  Drone x6  
  60  13:55  Drone x2  
  54  14:14  Hydralisk x2  
  54  14:15  Hydralisk x5  
  68  14:28  Hatchery  
  67  14:52  Hatchery  
  66  15:03  Drone x12  
  66  15:04  Drone x5  
  69  15:32  Extractor  
  68  15:39  Zergling x2  
  68  15:40  Zergling x22  
  80  16:19  Zergling x18  
  80  16:24  Seismic Spines  
  89  16:43  Zergling x2  
  89  16:44  Zergling x28  
  104  17:26  Extractor  
  102  17:31  Extractor  
Tags
 
Add a new tag
Caveats
  • Supply blocks, unpowered buildings, or Contaminate may cause inaccurate times.
  • Supply counts are checked every 10 seconds.